 Dungeon Crawl Stone Soup version 0.30.1-11-g7821555f0a (webtiles) character file.

Game seed: 17052257333256855702

53 Groucho the Sneak (level 3, -1/16 HPs)
             Began as a Spriggan Enchanter on Nov 20, 2023.
             Killed from afar by an orc wizard (9 damage)
             ... with a magic dart
             ... on level 4 of the Dungeon.
             The game lasted 00:04:14 (2867 turns).

Groucho the Sneak (Spriggan Enchanter)              Turns: 2867, Time: 00:04:15

Health: -1/16      AC:  2    Str:  4    XL:     3   Next: 62%
Magic:  2/8        EV: 17    Int: 18    God:
Gold:   131        SH:  0    Dex: 15    Spells: 0/8 levels left

rFire   . . .        a - +1 dagger (vamp)
rCold   . . .        (no shield)
rNeg    . . .        b - +0 robe
rPois   .            (helmet restricted)
rElec   .            (no cloak)
rCorr   .            (gloves unavailable)
SInv    +            (boots unavailable)
Will    .....        (no amulet)
Stlth   +++          (no ring)
HPRegen 0.22/turn    (no ring)
MPRegen 0.11/turn

%: no passive effects
@: very quick
A: very small, no large weapons, unfitting armour, see invisible, speed 3
a: no special abilities


You were on level 4 of the Dungeon.
You visited 1 branch of the dungeon, and saw 4 of its levels.

You collected 157 gold pieces.
You spent 26 gold pieces at shops.

Inventory:

Hand Weapons
 a - a +1 vampiric dagger (weapon)
 j - a +0 sling
Armour
 b - a +0 robe (worn)
Scrolls
 d - 9 scrolls of identify
 e - a scroll of amnesia {unknown}
 f - a scroll of brand weapon {unknown}
 k - a scroll of teleportation {unknown}
 m - a scroll of vulnerability {unknown}
 n - a scroll of enchant armour {unknown}
 p - a scroll of fog {unknown}
 q - a scroll of summoning {unknown}
 r - a scroll of enchant weapon {unknown}
Potions
 c - 2 potions of invisibility
 g - 3 potions of curing {unknown}
 h - a potion of degeneration {unknown}
 i - a potion of ambrosia {unknown}
 l - 2 potions of heal wounds {unknown}
 o - a potion of might {unknown}


   Skills:
 + Level 1.4 Short Blades
 + Level 2.7 Dodging
 * Level 5.9 Stealth
 + Level 3.2 Spellcasting
 * Level 0.2 Conjurations
 + Level 4.0 Hexes


You couldn't memorise any spells.
You knew the following spells:

 Your Spells              Type           Power      Damage    Failure   Level
a - Ensorcelled Hibernat  Hex/Ice        20%        N/A       11%         2
b - Confusing Touch       Hex            17%        N/A       9%          3
c - Dazzling Flash        Conj/Hex       20%        N/A       21%         3

Your spell library contained the following spells:

 Spells                   Type           Power      Damage    Failure   Level
 Tukima's Dance           Hex            17%        N/A       9%          3
 Magic Dart               Conj           12%        1d3       14%         1
 Kiss of Death            Conj/Necr      12%        2d6       16%         1
 Call Imp                 Summ           4%         N/A       24%         2
 Mephitic Cloud           Conj/Pois/Air  3%         N/A       43%         3
 Volatile Blastmotes      Fire/Tloc      4%         2d10      43%         3
 Iskenderun's Mystic Bla  Conj/Tloc      3%         2d3       83%         4
 Dispel Undead            Necr           2%         3d7       85%         4
 Olgreb's Toxic Radiance  Pois           2%         N/A       85%         4
 Starburst                Conj/Fire      1%         6d3       100%        6
 Borgnjor's Revivificati  Necr           1%         N/A       100%        8
 Discord                  Hex            8%         N/A       100%        8
 Ignition                 Fire           1%         3d3       100%        8
 Necromutation            Tmut/Necr      1%         N/A       100%        8
 Death's Door             Necr           1%         N/A       100%        9


Dungeon Overview and Level Annotations

Branches:
Dungeon (4/15)
 Temple: D:4-7

Altars:
Elyvilon
Xom

Shops:
D:3 *


Innate Abilities, Weirdness & Mutations

You are very small and have problems with some larger weapons.
You are too small for most types of armour.
You have supernaturally acute eyesight. (SInv)
You cover ground extremely quickly. (Speed+++)


Message History

Found 19 gold pieces.
There is a stone staircase leading up here.
You now have 131 gold pieces (gained 19).
An orc comes into view. It is wielding a +0 flail.
The orc shouts!
An orc wizard comes into view. It is wielding a +0 dagger.
The orc wizard shouts!
An orc comes into view. It is wielding a +0 hand axe.
Aiming: Ensorcelled Hibernation (safe; 11% risk of failure)
Press: ? - help, Q - select action Shift-Dir - straight line, f - orc
Aim: an orc, wielding a +0 flail (chance to affect: 62%)
The orc resists with significant effort.
The orc shouts!
You hear a shout!
The orc wizard gestures wildly while chanting.
The orc wizard flickers and vanishes for a moment.
The orc hits you with a +0 flail!
Unknown command.
Aiming: Ensorcelled Hibernation (safe; 11% risk of failure)
Press: ? - help, Q - select action Shift-Dir - straight line, f/p - orc
Aim: an orc, wielding a +0 flail (chance to affect: 62%)
The orc resists with significant effort.
The orc hits you with a +0 flail.
Unknown command.
Unknown command.
Aiming: Ensorcelled Hibernation (safe; 11% risk of failure)
Press: ? - help, Q - select action Shift-Dir - straight line, f/p - orc
Aim: an orc, wielding a +0 flail (chance to affect: 62%)
The orc looks drowsy...
Unknown command.
Unknown command.
You are too injured to fight recklessly!
Unknown command.
The helpless orc fails to defend itself.
You impale the orc!!
You kill the orc!
The orc wizard casts a spell at you. The magic dart hits you!
Ouch! That really hurt!
You die...

#........#
#........#
#.#........#
#..........#
###........#
#.######.#
#. #.# . #.#
# #@# #)#
#o# #o# #.#
#.# #.. ###


You could see an orc wizard (invisible) and an orc.

Vanquished Creatures
  An adder (D:3)
  A worm (D:2)
  An orc (D:4)
  A bat (D:2)
  4 endoplasms
  A giant cockroach (D:2)
  5 goblins
  A hobgoblin (D:1)
  6 jackals (D:3)
  A quokka (D:1)
  2 ball pythons
  6 frilled lizards
  7 kobolds
  5 rats
42 creatures vanquished.

Notes
Turn   | Place    | Note
-------+----------+-------------------------------------------
     0 | D:1      | Groucho the Spriggan Enchanter began the quest for the Orb.
     0 | D:1      | Reached XP level 1. HP: 9/9 MP: 5/5
   301 | D:1      | Found a faded altar of an unknown god.
   718 | D:1      | Reached XP level 2. HP: 13/13 MP: 6/6
   784 | D:1      | Reached skill level 5 in Stealth
  1705 | D:2      | Learned a level 2 spell: Ensorcelled Hibernation
  1984 | D:3      | Reached XP level 3. HP: 13/16 MP: 8/8
  1992 | D:3      | Learned a level 3 spell: Confusing Touch
  1996 | D:3      | Learned a level 3 spell: Dazzling Flash
  2152 | D:3      | Found Etuuna's General Store.
  2160 | D:3      | Bought a scroll of identify for 26 gold pieces
  2238 | D:3      | Found a shimmering altar of Xom.
  2775 | D:3      | Found a white marble altar of Elyvilon.
  2867 | D:4      | Killed from afar by an orc wizard

Illustrated notes

Levels and vault maps discovered:
D:1:      eino_arrival_water_cross, layout_basic,
          shapermc_ecumenical_altar_mp_urbaneastern
D:2:      minmay_general_purpose_star, layout_rooms
D:3:      layout_loops_cross, nicolae_elyvilon_temple_path,
          mainiacjoe_overflow_concentric_impassable, serial_shops, shop
D:4:      layout_basic, kennysheep_orc_sif_temple, serial_forest,
          infiniplex_forest_clump_small, infiniplex_forest_zigzag_1,
          infiniplex_forest_lined_2, infiniplex_forest_join,
          infiniplex_forest_lined_2

Skill      XL: |  1  2 |
---------------+-------+-----
Stealth        | 5 |  5.9
Spellcasting   | 3 |  3.2
Hexes          | 4 |  4.0
Short Blades   | |  1.4
Dodging        | |  2.7
Conjurations   | |  0.2

Action                     || total
---------------------------++-------
  Melee: Dagger            ||    91
         Punch             ||     1
   Fire: Sling             ||    55
   Cast: Ensorcelled Hiber ||     4
   Stab: Sleeping          ||    10
 Armour: Robe              ||    11
  Dodge: Dodged            ||   109
